 Dungeon Sprint DCSS version 0.21.0-25-ge575cb9 (webtiles) character file.

171 wojtek the Cleaver (level 5, -2/51 HPs)
             Began as a Minotaur Berserker on Jan 23, 2018.
             Was an Elder of Trog.
             Killed from afar by a battlesphere (8 damage)
             ... created by a deep elf mage
             ... in the Dungeon (Sprint III: "The Ten Rune Challenge").
             The game lasted 00:00:53 (383 turns).

wojtek the Cleaver (Minotaur Berserker)              Turns: 383, Time: 00:00:54

Health: -2/51      AC:  2    Str: 23    XL:     5   Next: 26%
Magic:  4/4        EV: 14    Int:  4    God:    Trog [****..]
Gold:   39         SH:  0    Dex:  9    Spells: 4/4 levels left

rFire    . . .     SeeInvis .   a - +0 hand axe
rCold    . . .     Gourm    .   (no shield)
rNeg     . . .     Faith    .   b - +0 animal skin
rPois    .         Spirit   .   (helmet restricted)
rElec    .         Reflect  .   (no cloak)
rCorr    .         Harm     .   (no gloves)
MR       .....     NoTele   +   (no boots)
Stlth    +.........             (no amulet)
HPRegen  0.17/turn              (no ring)
MPRegen  0.09/turn              (no ring)

@: no status effects
A: retaliatory headbutt, horns 2, MP-powered wands
a: Berserk, Trog's Hand, Brothers in Arms, Burn Spellbooks, Renounce Religion


You were in the Dungeon.
You worshipped Trog.
Trog was greatly pleased with you.
You were not hungry.

You visited 1 branch You collected 39 gold pieces.

Inventory:

Hand Weapons
 a - a +0 hand axe (weapon)
Armour
 b - a +0 animal skin (worn)
Scrolls
 i - a scroll of blinking
 k - 5 scrolls of remove curse
 m - 2 scrolls of torment {unknown}
 n - 3 scrolls of identify
Potions
 d - a potion of curing
 e - a potion of heal wounds
 f - a potion of haste
 g - 2 potions of magic
 h - a potion of berserk rage
 l - 4 potions of mutation
 o - a potion of invisibility {unknown}
 p - 4 potions of flight
Comestibles
 c - 3 rations
 j - 3 chunks of flesh


   Skills:
 + Level 6.8 Fighting
 * Level 9.0 Axes
 + Level 6.2 Armour
 + Level 5.6 Dodging


You had 4 spell levels left.
You didn't know any spells.

Dungeon Overview and Level Annotations

Branches:
Dungeon (1/1)

Altars:
Elyvilon
Kikubaaqudgha
Sif Muna
Vehumet
Zin
The Shining One


Innate Abilities, Weirdness & Mutations

You reflexively headbutt those who attack you in melee.
You have a pair of horns on your head.
You expend magic power (3 MP) to strengthen your wands.


Message History

The deep elf mage picks up a potion of curing.
Found two altars.
There is an open door here.
Drop what? 17/52 slots (_ for help) (? for menu, Esc to quit)
You drop a book of Cantrips.
The deep elf mage mumbles some strange words.
The deep elf mage conjures a globe of magical energy!
A battlesphere comes into view.
The battlesphere moves out of view.
You start waiting.
The deep elf mage casts a spell at you. The lance of force hits you!
You are knocked back by the lance of force.
The battlesphere fires!
The barrage of energy hits you!
* * * LOW HITPOINT WARNING * * *
The deep elf mage casts a spell at you. The magic dart hits you!
* * * LOW HITPOINT WARNING * * *
The battlesphere fires!
The barrage of energy hits you!
You die...

▓▓▓▓▓▓ ▓▓▓ .#...####
##.#####
.#......#####..#___#
##.......#..#..#e.e#
.##.##...#..#..###:#+###+
.##.###..##'#..#...*......
####.##..###...'@⌠........
##..##.[####...#...######+
....##..###....#.⌠.#
#..##...##.....#...#
..##....#......#)###
.###..##.#.....#...# .#
#..#####....#___# ▓▓ ▓▓▓▓
▓▓▓▓▓▓▓▓▓▓


You could see a deep elf mage and a battlesphere.

Vanquished Creatures
  A water elemental (D)
  A wizard (D)
  Jessica (D)
  A kobold demonologist (D)
  A human (D)
  A wolf (D)
  An ooze (D)
  2 rats (D)
9 creatures vanquished.

Vanquished Creatures (others)
  2 draconian scorchers (D)
  6 hellions (D)
  A yaktaur (D)
  2 plants (D)
11 creatures vanquished.

Grand Total: 20 creatures vanquished

Notes
Turn   | Place    | Note
-------+----------+-------------------------------------------
     0 | D        | wojtek the Minotaur Berserker began the quest for the Orb.
     0 | D        | Reached XP level 1. HP: 19/19 MP: 0/0
    16 | D        | Reached skill level 4 in Axes
    86 | D        | Killed a hellion
    93 | D        | Killed a hellion
   104 | D        | Reached ** piety under Trog
   113 | D        | Killed a hellion
   114 | D        | Killed a hellion
   114 | D        | Killed a hellion
   116 | D        | Noticed Jessica
   116 | D        | Killed a hellion
   122 | D        | Killed Jessica
   122 | D        | Reached skill level 5 in Axes
   122 | D        | Reached XP level 2. HP: 21/28 MP: 1/1
   122 | D        | Reached XP level 3. HP: 27/35 MP: 2/2
   182 | D        | Killed a white draconian scorcher
   197 | D        | Killed a white draconian scorcher
   221 | D        | Reached skill level 5 in Fighting
   221 | D        | Reached skill level 6 in Axes
   226 | D        | Reached *** piety under Trog
   281 | D        | Noticed a water elemental
   286 | D        | Killed a water elemental
   286 | D        | Reached skill level 8 in Axes
   286 | D        | Reached skill level 5 in Armour
   286 | D        | Reached skill level 5 in Dodging
   286 | D        | Reached XP level 4. HP: 44/44 MP: 3/3
   324 | D        | Found a radiant altar of Vehumet.
   324 | D        | Found a deep blue altar of Sif Muna.
   324 | D        | Found an ancient bone altar of Kikubaaqudgha.
   324 | D        | Noticed a wizard
   327 | D        | Killed a wizard
   327 | D        | Reached XP level 5. HP: 51/51 MP: 4/4
   329 | D        | Noticed a neqoxec
   331 | D        | Gained mutation: You expend magic power (3 MP) to strengthen your wands. [a neqoxec]
   332 | D        | Reached **** piety under Trog
   332 | D        | Reached skill level 9 in Axes
   352 | D        | Killed a yaktaur
   372 | D        | Found a glowing silver altar of Zin.
   373 | D        | Found a glowing golden altar of the Shining One.
   373 | D        | Found a white marble altar of Elyvilon.
   373 | D        | Noticed a deep elf mage
   383 | D        | Killed from afar by a battlesphere

Skill      XL: |  1  2  3  4  5 |
---------------+----------------+-----
Fighting       | 4 6 |  6.8
Axes           | 5 8 9 |  9.0
Armour         | 4 5 6 |  6.2
Dodging        | 3 5 |  5.6

Action                   |  1- 3 |  4- 6 || total
-------------------------+-------+-------++-------
Melee: Hand axe          |    23 |     5 ||    28
       Headbutt          |     5 |     1 ||     6
Invok: Berserk           |     2 |     1 ||     3
  Eat: Chunk             |       |     1 ||     1
Armor: Animal skin       |     1 |       ||     1
Dodge: Dodged            |    15 |     1 ||    16
